AoeStats
← 殺手小賴

Arena

504272002Analyzed
3v3 RM · 28d ago on Sep 4, 2026· 30m 8s· 6 players
Game mode
Random Map
Map size
Normal (6 player)
Population
200
Speed
Normal
Resources
Standard
Victory
Conquest
Starting age
Dark Age
Ending age
Imperial Age
RankedLock teamsTeams togetherTeam positionsShared explorationLock speedFull tech treeHidden civsTurbo modeCheats
Victory
Defeat
🇹🇼 Poles · Taiwan
1158
+9
🇹🇼 Burgundians · Taiwan
1012
+15
🇹🇼 Turks · Taiwan
1010
+15
🇺🇸 Turks · United States
1011
-14
🇨🇳 Magyars · China
1001
-13
🇲🇽 Huns · Mexico
960
-12
DigitalSixteen
12:05 Feudal Age
15:58 Castle Age
14:43 Double-Bit Axe
14:51 Horse Collar
22:03 Imperial Age
20:12 Bow Saw
xxltp101
10:53 Feudal Age
15:19 Castle Age
14:24 Double-Bit Axe
14:54 Horse Collar
17:10 Bow Saw
21:19 Wheelbarrow
sinaimontesinos82
3:28 Loom
11:15 Feudal Age
9:50 Loom
16:47 Castle Age
16:32 Forging
17:26 Horse Collar
18:10 Double-Bit Axe
19:05 Fletching
19:31 Husbandry
20:29 Heavy Plow
23:00 Wheelbarrow
23:22 Town Watch
23:50 Thumb Ring
24:01 Gold Mining
25:39 Gold Shaft Mining
25:40 Ballistics
25:32 Scale Barding Armor
26:48 Bloodlines
26:37 Bodkin Arrow
27:30 Stone Mining
28:45 Chain Barding Armor
28:26 Padded Archer Armor
30:02 Town Patrol
30:14 Thumb Ring
TURTLE KING
11:15 Feudal Age
15:19 Castle Age
13:15 Double-Bit Axe
19:21 Imperial Age
22:40 Fletching
22:50 Padded Archer Armor
23:16 Loom
25:52 Thumb Ring
26:15 Horse Collar
27:57 Bodkin Arrow
29:56 Town Watch
xnbhdx
3:26 Double-Bit Axe
6:51 Horse Collar
11:47 Feudal Age
12:55 Bow Saw
13:16 Heavy Plow
22:40 Castle Age
20:47 Gold Mining
22:01 Scale Barding Armor
22:07 Forging
22:47 Cavalier
23:28 Husbandry
25:44 Wheelbarrow
28:07 Two-Man Saw
27:40 Crop Rotation
28:14 Hand Cart
殺手小賴
11:30 Feudal Age
12:02 Double-Bit Axe
17:28 Castle Age
19:30 Bow Saw
20:41 Stone Mining
21:38 Horse Collar
22:48 Wheelbarrow
22:03 Loom
23:01 Husbandry
23:12 Bloodlines
23:14 Scale Barding Armor
23:19 Forging
24:07 Gold Mining
24:23 Heavy Plow
26:35 Chain Barding Armor
27:01 Hand Cart
29:40 Stone Shaft Mining
28:59 Town Watch
Connection lost

Rejoining the realm…

Still unreachable

The connection could not be restored.

Session expired

The server has moved on; the page needs a fresh start.